[Event "*** Titled Tuesday Blitz"]
[Site "Chess.com"]
[Date "2020.12.01"]
[Round "3"]
[White "gochatoria98"]
[Black "sopo-tereladze"]
[Result "0-1"]
[WhiteElo "1879"]
[BlackElo "2286"]
[TimeControl "180+1"]
[EndTime "10:23:23 PST"]
[Termination "sopo-tereladze won by resignation"]

1. e4 d6 2. d4 Nd7 3. Nc3 Ngf6 4. f3 e5 5. Be3 Be7 6. d5 O-O 7.
Qd2 c6 8. g4 cxd5 9. exd5 a6 10. O-O-O b5 11. g5 Nh5 12. Bd3 Nc5 13. Bxc5 dxc5 14. Qe3 Bxg5 0-1

[Event "*** Titled Tuesday Blitz"]
[Site "Chess.com"]
[Date "2020.12.01"]
[Round "3"]
[White "Supernotar"]
[Black "gagtemp"]
[Result "1-0"]
[WhiteElo "2786"]
[BlackElo "1953"]
[TimeControl "180+1"]
[EndTime "10:23:30 PST"]
[Termination "Supernotar won by resignation"]

1. d4 Nf6 2. c4 g6 3. Nc3 Bg7 4. e4 d6 5. Be2 O-O 6. Nf3 e5 7. O-O Nc6 8. d5 Ne7 9. Ne1 Ne8 10. Be3 f5 11. f3 f4 12. Bf2 h5 13. c5 Rf6 14. a4 g5 15. a5 a6 16. cxd6 Nxd6 17. Nd3 Rg6 18. Nc5 g4 19. Bh4 g3 20. h3 Bd7 21.
Qb3 Qc8 22. Nxd7 Qxd7 23. Na4 Rf8 24. Nc5 Qc8 25. Bxe7 1-0

[Event "*** Titled Tuesday Blitz"]
[Site "Chess.com"]
[Date "2020.12.01"]
[Round "3"]
[White "Msb2"]
[Black "Snegokhod"]
[Result "1-0"]
[WhiteElo "2838"]
[BlackElo "2447"]
[TimeControl "180+1"]
[EndTime "10:23:40 PST"]
[Termination "Msb2 won by resignation"]

1. d4 Nf6 2. Nc3 d5 3. Bf4 e6 4. Nb5 Na6 5. e3 c6 6. Nc3 Nc7 7.
Bd3 Bd6 8. Qf3 Bxf4 9. Qxf4 O-O 10. g4 Nce8 11. g5 Nd7 12. Nf3 Qc7 13. Qh4 g6 14.
Qg3 Qxg3 15. hxg3 Kg7 16. O-O-O Rh8 17. e4 h6 18. exd5 cxd5 19. Ne2 hxg5 20. Rxh8 Kxh8 21. Nxg5 Kg7 22. Rh1 Ndf6 23. Ng1 Nd6 24. N1f3 Bd7 25. Ne5 Rh8 26. Rxh8 Kxh8 27. Ngxf7+ Nxf7 28. Nxf7+ Kg7 29. Ne5 Be8 30. f3 g5 31. Kd2 Nd7 32. Nxd7 Bxd7 33.
Ke3 Kf6 34. f4 gxf4+ 35. Kxf4 Be8 36. g4 Bd7 37. g5+ Ke7 38. Ke5 Be8 39. c3 Bd7 40.
Bh7 Be8 41. g6 Kf8 42. Kf6 1-0

[Event "*** Titled Tuesday Blitz"]
[Site "Chess.com"]
[Date "2020.12.01"]
[Round "3"]
[White "DouglasTrawz"]
[Black "gmcorrales"]
[Result "0-1"]
[WhiteElo "2513"]
[BlackElo "2790"]
[TimeControl "180+1"]
[EndTime "10:23:48 PST"]
[Termination "gmcorrales won by resignation"]

1. e4 c5 2. Nf3 d6 3. Bb5+ Nd7 4. Ba4 Nf6 5. O-O Nxe4 6. Re1 Nf6 7. d4 cxd4 8. Nxd4 a6 9. c4 g6 10. Bf4 e5 11. c5 Bg7 12. cxd6 O-O 13. Bxe5 Nxe5 14. Rxe5 Qxd6 15. Re1 Ng4 16. Nf3 Qxd1 17. Rxd1 Bxb2 0-1

[Event "*** Titled Tuesday Blitz"]
[Site "Chess.com"]
[Date "2020.12.01"]
[Round "3"]
[White "bylavochka"]
[Black "JustWatch000"]
[Result "0-1"]
[WhiteElo "2177"]
[BlackElo "2404"]
[TimeControl "180+1"]
[EndTime "10:23:59 PST"]
[Termination "JustWatch000 won by resignation"]

1. e4 c5 2. Nf3 d6 3. d4 cxd4 4.
Nxd4 Nf6 5. Nc3 g6 6. f3 Bg7 7. Be3 Kf8 8. Qd2 a6 9. g4 Bxg4 10. fxg4 Nxg4 11. Bg1 Nc6 12. O-O-O Bh6 13. Nxc6 bxc6 14.
Qxh6+ Nxh6 15. Bd4 f6 16. e5 Nf5 17. exf6 Nxd4 18. fxe7+ Qxe7 19. Rxd4 Kg7 20. Bh3 Qe3+ 21. Rd2 Qxh3 0-1

[Event "*** Titled Tuesday Blitz"]
[Site "Chess.com"]
[Date "2020.12.01"]
[Round "3"]
[White "frederiksvane"]
[Black "Tssunami"]
[Result "1/2-1/2"]
[WhiteElo "2717"]
[BlackElo "2419"]
[TimeControl "180+1"]
[EndTime "10:24:12 PST"]
[Termination "Game drawn by repetition"]

1. e4 c5 2. Nf3 Nc6 3. Bb5 e6 4. O-O a6 5. Bxc6 bxc6 6. c4 d6 7. Nc3 e5 8. d3 Be7 9. a3 Nf6 10. h3 Rb8 11. Rb1 a5 12. Bd2 O-O 13. Qa4 Nh5 14.
Ne2 Be6 15. Qxc6 Bd7 16. Qa6 Ra8 17. Qb7 Rb8 18. Qa7 Ra8 19. Qb7 Rb8 20. Qa6 Ra8 21. Qb7 1/2-1/2

[Event "*** Titled Tuesday Blitz"]
[Site "Chess.com"]
[Date "2020.12.01"]
[Round "3"]
[White "Hypercar"]
[Black "RaneshRatnesan"]
[Result "1-0"]
[WhiteElo "2476"]
[BlackElo "2152"]
[TimeControl "180+1"]
[EndTime "10:24:13 PST"]
[Termination "Hypercar won by resignation"]

1. d4 d5 2. c4 c6 3. cxd5 cxd5 4. Nc3 Nf6 5. Bf4 Nc6 6. e3 Bf5 7. Nf3 e6 8. Qb3 Qb6 9. Bb5 Be7 10. O-O O-O 11.
Na4 Qa5 12. Rfc1 Rfc8 13. h3 Ne4 14. Bd3 b6 15. a3 Nd8 16. Qb5 Qa6 17. Qxa6 Rxc1+ 18. Rxc1 e5 19. Nxe5 1-0

[Event "*** Titled Tuesday Blitz"]
[Site "Chess.com"]
[Date "2020.12.01"]
[Round "3"]
[White "SanchezKelvin"]
[Black "Markov_Mikhail"]
[Result "0-1"]
[WhiteElo "2477"]
[BlackElo "2707"]
[TimeControl "180+1"]
[EndTime "10:24:19 PST"]
[Termination "Markov_Mikhail won by resignation"]

1. d4 Nf6 2. c4 e6 3. Nf3 d5 4. Nc3 Nbd7 5. Bg5 Be7 6. e3 O-O 7. Qc2 h6 8. h4 c5 9. O-O-O cxd4 10. Rxd4 Qa5 11. Bxf6 Nxf6 12. cxd5 Nxd5 13. Nxd5 exd5 14. Kb1 Bf6 15. Ra4 Qb6 16. Be2 Bf5 17. e4 dxe4 18. Ne1 Rac8 19. Qb3 Qxf2 0-1

[Event "*** Titled Tuesday Blitz"]
[Site "Chess.com"]
[Date "2020.12.01"]
[Round "3"]
[White "tylityli"]
[Black "PawnEatingZombie"]
[Result "0-1"]
[WhiteElo "2313"]
[BlackElo "2167"]
[TimeControl "180+1"]
[EndTime "10:24:25 PST"]
[Termination "PawnEatingZombie won by resignation"]

1. d4 d5 2. c4 e6 3. Nc3 Bb4 4.
cxd5 exd5 5. Bf4 c6 6. e3 Ne7 7. Bd3 Bf5 8. Nf3 O-O 9. O-O Bxd3 10. Qxd3 Ng6 11. Bg3 Nd7 12. a3 Be7 13. b4 b5 14.
e4 Nb6 15. e5 Nc4 16. Nd2 a5 17. f4 f5 18. exf6 Bxf6 19. f5 Ne7 20. Nxc4 bxc4 21.
Qd2 Qb6 22. Bd6 Qxd4+ 23. Qxd4 Bxd4+ 24. Kh1 Bxc3 25. Bxe7 Bxa1 26. Bxf8 Kxf8 27. Rxa1 axb4 28. Kg1 Rxa3 0-1

[Event "*** Titled Tuesday Blitz"]
[Site "Chess.com"]
[Date "2020.12.01"]
[Round "3"]
[White "Kavyev_Ruslan"]
[Black "ObidObad"]
[Result "1-0"]
[WhiteElo "2521"]
[BlackElo "2305"]
[TimeControl "180+1"]
[EndTime "10:24:47 PST"]
[Termination "Kavyev_Ruslan won by resignation"]

1. d4 d5 2. c4 c6 3. Nf3 Nf6 4. g3 Bf5 5. Nc3 e6 6. Nh4 Bg4 7. h3 Bf5 8. Nxf5 exf5 9. Bg2 dxc4 10. e3 g6 11. Qe2 Bg7 12. Qxc4 O-O 13. O-O Nbd7 14.
b4 Nb6 15. Qb3 Nbd5 16. Bd2 Re8 17. Rfc1 Ne4 18. Be1 Nexc3 19. Bxc3 Nxc3 20. Rxc3 Qd6 21. b5 cxb5 22. Qxb5 Rab8 23. Rac1 a6 24. Qb3 b5 25. Rc6 Qd8 26. Rxa6 b4 27. Rac6 Re7 28. R1c4 Bf8 29. h4 h5 30. Rc1 Ra7 31. Rxg6+ Kh7 32. Rg5 Qxg5 33. hxg5 Bc5 34. Rxc5 1-0

[Event "*** Titled Tuesday Blitz"]
[Site "Chess.com"]
[Date "2020.12.01"]
[Round "3"]
[White "Azerichess"]
[Black "PotapovaM"]
[Result "1-0"]
[WhiteElo "2954"]
[BlackElo "2603"]
[TimeControl "180+1"]
[EndTime "10:24:53 PST"]
[Termination "Azerichess won by resignation"]

1. b3 Nf6 2. Bb2 d5 3. e3 e6 4. g4 c5 5. h4 Nc6 6. g5 Ne4 7.
d3 Nd6 8. Nf3 Bd7 9. Nbd2 Qc7 10. c4 dxc4 11. bxc4 Nf5 12. a3 O-O-O 13. Qc2 h6 14.
Rg1 hxg5 15. hxg5 Bd6 16. Ne4 Ne5 17. Nxd6+ Qxd6 18. Nxe5 Be8 19. O-O-O Rh2 20. Rg2 Rh1 21. Be2 Rxd1+ 22. Qxd1 Qb6 23. Rh2 Kb8 24. Rh8 f6 25. gxf6 gxf6 26. Rxe8 1-0

[Event "*** Titled Tuesday Blitz"]
[Site "Chess.com"]
[Date "2020.12.01"]
[Round "3"]
[White "nelsoncopa"]
[Black "Panterov"]
[Result "0-1"]
[WhiteElo "1959"]
[BlackElo "2288"]
[TimeControl "180+1"]
[EndTime "10:24:54 PST"]
[Termination "Panterov won by resignation"]

1. d4 d5 2. c4 c6 3. Nc3 Nf6 4.
e3 e6 5. cxd5 exd5 6. Nf3 Bd6 7.
Bd3 Bg4 8. O-O O-O 9. a3 Bh5 10. b4 Nbd7 11. Bb2 Re8 12. Rc1 Ne4 13. Be2 Nxc3 14. Bxc3 Nf6 15. Ne5 Bxe2 16. Qxe2 Ne4 17. Bb2 Bxe5 18. dxe5 Qh4 19. f4 a6 20. Rf3 f5 21. Rh3 Qg4 22. Qxg4 fxg4 23. Rh4 g3 24.
Rg4 gxh2+ 25. Kxh2 Re6 26. Rh1 Rh6+ 27. Kg1 Rxh1+ 28. Kxh1 Nf2+ 29. Kh2 Nxg4+ 0-1

[Event "*** Titled Tuesday Blitz"]
[Site "Chess.com"]
[Date "2020.12.01"]
[Round "3"]
[White "fish7728"]
[Black "Omk124"]
[Result "0-1"]
[WhiteElo "2142"]
[BlackElo "2327"]
[TimeControl "180+1"]
[EndTime "10:25:00 PST"]
[Termination "Omk124 won by resignation"]

1. d4 Nf6 2. c4 g6 3. Nc3 d5 4. cxd5 Nxd5 5. Bd2 Bg7 6. e4 Nb6 7. Be3 O-O 8. Nf3 Bg4 9. d5 N8d7 10. h3 Bxf3 11. Qxf3 Ne5 12. Qd1 Nec4 13. Bd4 Nxb2 14. Qd2 N2c4 15. Qd1 Nb2 16. Qd2 N6c4 17. Bxc4 Nxc4 18.
Qd3 Bxd4 19. Qxd4 Na3 20. Rc1 c6 21. O-O a6 22. Rfd1 Nb5 23. Nxb5 cxb5 24. e5 Qa5 25. d6 exd6 26. exd6 Qxa2 27. d7 Qe6 28. Re1 Qa2 29. Re7 Qa5 30. Rce1 b4 31. Re8 b3 32. Rxa8 Qxe1+ 33. Kh2 Rxa8 34. d8=Q+ Rxd8 35. Qxd8+ Kg7 36. Qd4+ f6 37. Qd6 Qe5+ 38. Qxe5 fxe5 0-1

[Event "*** Titled Tuesday Blitz"]
[Site "Chess.com"]
[Date "2020.12.01"]
[Round "3"]
[White "Rud_Makarian"]
[Black "queen_iryna"]
[Result "1-0"]
[WhiteElo "2714"]
[BlackElo "2321"]
[TimeControl "180+1"]
[EndTime "10:25:10 PST"]
[Termination "Rud_Makarian won by resignation"]

1. e4 d6 2. d4 Nf6 3. Nc3 e5 4. Nf3 Nbd7 5. Bc4 Be7 6. O-O O-O 7.
a4 c6 8. h3 h6 9. Be3 Re8 10.
d5 Nb6 11. Bb3 cxd5 12. exd5 Bf5 13. a5 Nbd7 14. a6 b6 15. Ba4 Ne4 16. Nxe4 Bxe4 17. Bc6 Rc8 18. Nd2 Bg6 19. Nc4 Rf8 20. Na3 Nb8 21. Bb7 Rc7 22. Nb5 Rxc2 23. Nxa7 Rxb2 24. Nc6 Nxc6 25. dxc6 Bg5 26. Qc1 Rc2 27. Bxg5 Rxc1 28. Bxd8 Rxf1+ 29. Kxf1 Bd3+ 30. Ke1 Rxd8 31. c7 1-0

[Event "*** Titled Tuesday Blitz"]
[Site "Chess.com"]
[Date "2020.12.01"]
[Round "3"]
[White "seorobert1971"]
[Black "Qvalda"]
[Result "0-1"]
[WhiteElo "2768"]
[BlackElo "2456"]
[TimeControl "180+1"]
[EndTime "10:25:13 PST"]
[Termination "Qvalda won by resignation"]

1. e4 c6 2. d4 d5 3. exd5 cxd5 4. Bd3 Nc6 5. c3 Nf6 6. h3 g6 7. Qc2 Bg7 8. Nf3 O-O 9. O-O Qc7 10. Re1 a6 11.
Nbd2 b5 12. Nb3 b4 13. cxb4 Qb6 14. a3 Ne4 15. Bxe4 dxe4 16. Qxe4 Bf5 17. Qe3 Rad8 18. Bd2 Be6 19. Nc5 Nxd4 20. Nxe6 Nxf3+ 21. Qxf3 fxe6 22. Qe3 Bd4 23. Qe2 Rxf2 0-1

[Event "*** Titled Tuesday Blitz"]
[Site "Chess.com"]
[Date "2020.12.01"]
[Round "3"]
[White "maximnovik"]
[Black "Andrii_Prydun"]
[Result "1-0"]
[WhiteElo "2552"]
[BlackElo "2340"]
[TimeControl "180+1"]
[EndTime "10:25:18 PST"]
[Termination "maximnovik won by checkmate"]

1. d4 d5 2. c4 c6 3. Nc3 Nf6 4. Bf4 e6 5. e3 Bd6 6. Bg3 Bxg3 7. hxg3 Nbd7 8. Nf3 O-O 9. Qc2 Qe7 10. g4 g6 11. g5 Ne8 12. O-O-O b6 13. Be2 Ba6 14. Rh6 dxc4 15. Rdh1 f5 16. Rxh7 Qxh7 17. Rxh7 Kxh7 18. Qa4 Nb8 19. Bxc4 b5 20. Qa3 Rf7 21. Bxe6 Rb7 22. Qf8 Rg7 23. Qxe8 Bb7 24. Qf8 Nd7 25. Qd6 Nf8 26.
Qh2# 1-0

[Event "*** Titled Tuesday Blitz"]
[Site "Chess.com"]
[Date "2020.12.01"]
[Round "3"]
[White "LiamVrolijk"]
[Black "shnitez"]
[Result "1-0"]
[WhiteElo "2829"]
[BlackElo "2568"]
[TimeControl "180+1"]
[EndTime "10:25:20 PST"]
[Termination "LiamVrolijk won by resignation"]

1. e4 c5 2. Nf3 e6 3. g3 Nc6 4. Bg2 Nf6 5. Qe2 d5 6. exd5 Nxd5 7. O-O Be7 8. Rd1 Bf6 9. Nc3 O-O 10. Ne4 b6 11.
Nxf6+ Qxf6 12. c4 Nde7 13. d4 cxd4 14. Bg5 d3 15. Rxd3 Qf5 16. Bxe7 Nxe7 17. Nd4 1-0

[Event "*** Titled Tuesday Blitz"]
[Site "Chess.com"]
[Date "2020.12.01"]
[Round "3"]
[White "Kildepiotr"]
[Black "Cambek64"]
[Result "1-0"]
[WhiteElo "2621"]
[BlackElo "2261"]
[TimeControl "180+1"]
[EndTime "10:25:21 PST"]
[Termination "Kildepiotr won by resignation"]

1. Nf3 d6 2. d4 Nf6 3. g3 g6 4.
Bg2 Bg7 5. O-O O-O 6. Nbd2 Nbd7 7. e4 e5 8. dxe5 Nxe5 9. Nxe5 dxe5 10. Qe2 a5 11. a4 b6 12. Rd1 Ba6 13. Qe1 Qe7 14.
b3 Rfd8 15. Bb2 Ne8 16. Bf1 Bxf1 17. Qxf1 Nd6 18. Ba3 Qe6 19. Bxd6 Rxd6 20. Nc4 Rdd8 21. Rd3 Bf8 22. Rad1 Be7 23. Qe2 f6 24. Ne3 Rxd3 25.
Rxd3 Rd8 26. Nd5 Kf7 27. Nxc7 Qc6 28. Rxd8 Bxd8 29. Nd5 Be7 30. Kg2 Bc5 31. Qc4 Kg7 32. c3 Qd6 33. b4 axb4 34. cxb4 Bd4 35. Qc7+ Qxc7 36. Nxc7 Kf7 37. Kf1 f5 38. f3 Ke7 39.
Nd5+ Kd6 40. Ke2 fxe4 41. fxe4 h5 42. h3 Bg1 43. Kd3 Bf2 44. g4 hxg4 45. hxg4 Bg1 46.
Kc4 1-0

[Event "*** Titled Tuesday Blitz"]
[Site "Chess.com"]
[Date "2020.12.01"]
[Round "3"]
[White "Jungle_Jaguar"]
[Black "Saylormoon"]
[Result "1-0"]
[WhiteElo "2557"]
[BlackElo "2341"]
[TimeControl "180+1"]
[EndTime "10:25:22 PST"]
[Termination "Jungle_Jaguar won by resignation"]

1. e4 c5 2. Nf3 Nc6 3. Bb5 g6 4. Bxc6 dxc6 5. d3 Bg7 6. h3 Nf6 7. Nc3 O-O 8. Be3 b6 9. Qd2 Ne8 10. O-O e5 11. a3 Qe7 12. b4 cxb4 13. axb4 Qxb4 14. Rfb1 Qe7 15. Bxb6 Nc7 16. Bxa7 Ne6 17. Bc5 Qxc5 18. Rxa8 Nf4 19. Rbb8 Be6 20. Ne2 Nxe2+ 21. Qxe2 1-0

[Event "*** Titled Tuesday Blitz"]
[Site "Chess.com"]
[Date "2020.12.01"]
[Round "3"]
[White "26andrej26"]
[Black "yoelpolanco"]
[Result "1-0"]
[WhiteElo "2492"]
[BlackElo "2225"]
[TimeControl "180+1"]
[EndTime "10:25:22 PST"]
[Termination "26andrej26 won by resignation"]

1. e4 c5 2. Nf3 d6 3. d4 cxd4 4.
Nxd4 Nf6 5. Nc3 a6 6. Bc4 e6 7.
Bb3 Nbd7 8. f4 Nc5 9. f5 Nxb3 10.
axb3 Be7 11. Be3 O-O 12. Qf3 Qc7 13. O-O Bd7 14. g4 e5 15. Nde2 Bc6 16. g5 Nd7 17.
Ng3 f6 18. g6 Rfe8 19. gxh7+ Kxh7 20. Qh5+ Kg8 21. Qg4 Nf8 22. Nh5 Bd8 23. Kh1 Nh7 24. Rg1 Qf7 1-0

[Event "*** Titled Tuesday Blitz"]
[Site "Chess.com"]
[Date "2020.12.01"]
[Round "3"]
[White "jefferyx"]
[Black "2346PL"]
[Result "1-0"]
[WhiteElo "2908"]
[BlackElo "2457"]
[TimeControl "180+1"]
[EndTime "10:25:23 PST"]
[Termination "jefferyx won by resignation"]

1. d4 f5 2. Nf3 Nf6 3. g3 g6 4. Bg2 Bg7 5. O-O O-O 6. Nbd2 d6 7. Re1 Nc6 8. e4 Nxe4 9. Nxe4 fxe4 10. Rxe4 Bf5 11.
Rh4 e5 12. dxe5 dxe5 13. Be3 Qxd1+ 14. Rxd1 Bxc2 15. Ng5 h6 16. Bd5+ Kh8 17. Rc1 Bf5 18. Nf7+ Kh7 19. Nxh6 Bxh6 20. Bxh6 g5 21. Bxg5+ Kg6 22.
Be3 Rh8 23. Rxh8 Rxh8 24. Bxc6 bxc6 25. Rxc6+ Kh5 26. f3 e4 27. g4+ Bxg4 28. fxg4+ Kxg4 29. Kg2 1-0

[Event "*** Titled Tuesday Blitz"]
[Site "Chess.com"]
[Date "2020.12.01"]
[Round "3"]
[White "Faqade"]
[Black "penguingm1"]
[Result "1-0"]
[WhiteElo "2705"]
[BlackElo "2982"]
[TimeControl "180+1"]
[EndTime "10:25:24 PST"]
[Termination "Faqade won by resignation"]

1. e4 e5 2. Nf3 Nc6 3. Nc3 Nf6 4. d4 exd4 5. Nxd4 Bb4 6. Nxc6 bxc6 7. Bd3 d5 8. Bd2 O-O 9. O-O Bg4 10. f3 Bh5 11.
Nxd5 Nxd5 12. exd5 Bc5+ 13. Kh1 cxd5 14. c4 dxc4 15.
Bxc4 Qh4 16. Qa4 Qf6 17. Bc3 Qh6 18. Be5 Bb6 19. Rad1 Rfe8 20. Bg3 Qf6 21. b3 Bg6 22. Rfe1 h5 23. Rxe8+ 1-0

[Event "*** Titled Tuesday Blitz"]
[Site "Chess.com"]
[Date "2020.12.01"]
[Round "3"]
[White "j2806"]
[Black "Colombiano07"]
[Result "1-0"]
[WhiteElo "2069"]
[BlackElo "2286"]
[TimeControl "180+1"]
[EndTime "10:25:25 PST"]
[Termination "j2806 won by resignation"]

1. e4 c5 2. Nf3 Nc6 3. d4 cxd4 4. Nxd4 g6 5. c4 Nf6 6. Nc3 Nxd4 7. Qxd4 d6 8. Be3 Bg7 9. f3 O-O 10. Qd2 a5 11.
Be2 a4 12. O-O Be6 13. Rac1 Qa5 14. Rfd1 Rfc8 15. Nd5 Bxd5 16. exd5 Qxd2 17. Rxd2 b5 18. Rdc2 bxc4 19. Bxc4 Nd7 20. b3 axb3 21. Bxb3 Rxc2 22.
Rxc2 Nc5 23. Bc4 Ra3 24. Bf2 Be5 25. h3 h5 26. Kf1 Kg7 27. Ke2 g5 28. Be3 Bf6 29.
Bc1 Ra4 30. Be3 Nd7 31. Bb5 1-0

[Event "*** Titled Tuesday Blitz"]
[Site "Chess.com"]
[Date "2020.12.01"]
[Round "3"]
[White "Vojtap"]
[Black "eCztery"]
[Result "0-1"]
[WhiteElo "2110"]
[BlackElo "2320"]
[TimeControl "180+1"]
[EndTime "10:25:26 PST"]
[Termination "eCztery won by resignation"]

1. e4 e5 2. Nf3 Nc6 3. Bb5 a6 4. Ba4 Nf6 5. O-O b5 6. Bb3 d6 7. Re1 Be7 8. c3 O-O 9. h3 Na5 10. Bc2 c5 11. d4 exd4 12. cxd4 Bb7 13. Nbd2 Re8 14. Nf1 Bf8 15. Ng3 Nc6 16. Be3 Nb4 17. e5 Nxc2 18. Qxc2 Nd5 19. exd6 Nxe3 20. Rxe3 Rxe3 21.
fxe3 Bxf3 22. gxf3 Qg5 23. Kf2 Bxd6 24. Rg1 cxd4 25.
Nf5 dxe3+ 26. Kf1 e2+ 27. Qxe2 Qxf5 28. Kg2 h6 29. Rd1 Bf4 30. Rd4 Rc8 31. Re4 Qg6+ 32. Kf2 Qg3+ 0-1

[Event "*** Titled Tuesday Blitz"]
[Site "Chess.com"]
[Date "2020.12.01"]
[Round "3"]
[White "tapu2"]
[Black "FMalexhdez"]
[Result "0-1"]
[WhiteElo "2666"]
[BlackElo "2281"]
[TimeControl "180+1"]
[EndTime "10:25:30 PST"]
[Termination "FMalexhdez won by resignation"]

1. d4 Nf6 2. c4 e6 3. Nc3 Bb4 4. f3 c5 5. d5 O-O 6. e4 exd5 7. cxd5 d6 8. Ne2 b5 9. Ng3 c4 10. a4 Bd7 11. axb5 Bxb5 12. Bd2 Qb6 13. Nxb5 Qxb5 14. Bxb4 Qxb4+ 15. Qd2 Qc5 16. Rc1 Nbd7 17. Rxc4 Qb6 18. Qd4 Qb3 19. Be2 Ne5 20. Rb4 Qa2 21. O-O Rab8 22.
Nf5 a5 23. Rxb8 Rxb8 24. Nxd6 Rxb2 25. Qxb2 Qxb2 0-1

[Event "*** Titled Tuesday Blitz"]
[Site "Chess.com"]
[Date "2020.12.01"]
[Round "3"]
[White "Buffy7"]
[Black "SlovenskiZmaj"]
[Result "1-0"]
[WhiteElo "2675"]
[BlackElo "2456"]
[TimeControl "180+1"]
[EndTime "10:25:33 PST"]
[Termination "Buffy7 won by resignation"]

1. c4 d6 2. Nc3 f6 3. d4 e5 4. e4 Nc6 5. d5 Nce7 6. f4 exf4 7.
Bxf4 Ng6 8. Bg3 f5 9. exf5 Bxf5 10. Bd3 Qd7 11. Nge2 O-O-O 12. O-O Bxd3 13. Qxd3 Ne5 14.
Bxe5 dxe5 15. Ne4 Nf6 16. N2g3 Kb8 17. Kh1 h5 18. Nxf6 gxf6 19. Rxf6 h4 20. Ne4 h3 21. g3 Bg7 22. Rf3 Qg4 23. Raf1 Bf8 24. Rf5 Bd6 25. Qf3 Qg7 26. Rf7 Qg6 27. c5 1-0

[Event "*** Titled Tuesday Blitz"]
[Site "Chess.com"]
[Date "2020.12.01"]
[Round "3"]
[White "venus02"]
[Black "HrvojeZagreb"]
[Result "1-0"]
[WhiteElo "2504"]
[BlackElo "2250"]
[TimeControl "180+1"]
[EndTime "10:25:33 PST"]
[Termination "venus02 won by resignation"]

1. e4 e6 2. d4 d5 3. Nd2 dxe4 4. Nxe4 Nd7 5. Nf3 Ngf6 6. Bd3 Nxe4 7. Bxe4 Nf6 8. Bg5 Be7 9. Bxf6 Bxf6 10. Qd3 c5 11. O-O-O cxd4 12. Nxd4 h6 13. Nb5 Qb6 14. Nd6+ Kf8 15.
c3 a5 16. Kb1 a4 17. a3 Bd7 18. Nxf7 Kxf7 19. Bg6+ Kf8 20. Qxd7 Be7 21. Rd3 1-0

[Event "*** Titled Tuesday Blitz"]
[Site "Chess.com"]
[Date "2020.12.01"]
[Round "3"]
[White "Atousa1"]
[Black "JuliaEfremova"]
[Result "1-0"]
[WhiteElo "2488"]
[BlackElo "2210"]
[TimeControl "180+1"]
[EndTime "10:25:35 PST"]
[Termination "Atousa1 won by resignation"]

1. e4 d5 2. exd5 Qxd5 3. Nc3 Qa5 4. d4 Nf6 5. Nf3 Bg4 6. h3 Bxf3 7. Qxf3 c6 8. Bc4 e6 9. Bd2 Qc7 10. O-O-O Nbd7 11. g4 Nb6 12. Bb3 O-O-O 13. Bg5 Be7 14. Rhe1 h6 15. Bh4 Nbd5 16. Nxd5 Nxd5 17. Bg3 Bg5+ 18.
Kb1 Qd7 19. c4 Nb6 20. Qe2 Rhe8 21. Qe5 1-0

[Event "*** Titled Tuesday Blitz"]
[Site "Chess.com"]
[Date "2020.12.01"]
[Round "3"]
[White "Dreamer_01"]
[Black "Soltan49"]
[Result "0-1"]
[WhiteElo "2375"]
[BlackElo "2223"]
[TimeControl "180+1"]
[EndTime "10:25:35 PST"]
[Termination "Soltan49 won by resignation"]

1. d4 Nf6 2. Bf4 d5 3. Nc3 c5 4. e3 a6 5. dxc5 Nc6 6. Nf3 Bg4 7. h3 Bh5 8. g4 Bg6 9. Ne5 Nxe5 10. Bxe5 e6 11.
Qd4 Rc8 12. Bxf6 Qxf6 13. Qa4+ Kd8 14. Bg2 Bxc5 15. O-O h5 16. Rad1 hxg4 17. Nxd5 exd5 18. Rxd5+ Bd6 19. Rfd1 Rc6 20. Qxc6 bxc6 21. Rxd6+ Kc7 22. Rxf6 gxf6 23. hxg4 Bxc2 24. Rc1 Ba4 25. b3 Bb5 26. a4 Bd3 27. Rc2 Bxc2 0-1

[Event "*** Titled Tuesday Blitz"]
[Site "Chess.com"]
[Date "2020.12.01"]
[Round "3"]
[White "TheKingDoctor"]
[Black "oezs95"]
[Result "0-1"]
[WhiteElo "2078"]
[BlackElo "2312"]
[TimeControl "180+1"]
[EndTime "10:25:39 PST"]
[Termination "oezs95 won by resignation"]

1. d4 Nf6 2. Bg5 e6 3. e4 h6 4.
Bxf6 Qxf6 5. c3 d6 6. Nd2 c6 7. Ngf3 e5 8. Bd3 Be7 9. h3 Nd7 10. O-O Nf8 11. Re1 g5 12. Nf1 g4 13. hxg4 Bxg4 14. Ne3 h5 15. Be2 Ng6 16. dxe5 dxe5 17. Qb3 O-O-O 18. Rad1 Nf4 19. Rxd8+ Bxd8 20. a4 Bb6 21. Qc2 Rg8 22. Nf5 Bxf5 23. exf5 Rxg2+ 24. Kf1 Rxf2+ 0-1

[Event "*** Titled Tuesday Blitz"]
[Site "Chess.com"]
[Date "2020.12.01"]
[Round "3"]
[White "UmarovSabir"]
[Black "mjray79"]
[Result "0-1"]
[WhiteElo "2251"]
[BlackElo "2450"]
[TimeControl "180+1"]
[EndTime "10:25:40 PST"]
[Termination "mjray79 won by resignation"]

1. e4 e5 2. Nf3 Nc6 3. Bc4 Bc5 4.
b4 Bxb4 5. c3 Ba5 6. d4 b5 7.
Bxb5 Nxd4 8. Nxd4 exd4 9. Qxd4 Qf6 10. O-O Bb6 11. Qd3 Ne7 12. Be3 O-O 13. Nd2 Ng6 14.
Bd4 Bxd4 15. cxd4 Nf4 16. Qf3 Qg5 17. Bc4 d5 18. Bxd5 Nxd5 0-1

[Event "*** Titled Tuesday Blitz"]
[Site "Chess.com"]
[Date "2020.12.01"]
[Round "3"]
[White "Quiet_Desperation"]
[Black "djano"]
[Result "0-1"]
[WhiteElo "1659"]
[BlackElo "2459"]
[TimeControl "180+1"]
[EndTime "10:25:46 PST"]
[Termination "djano won by resignation"]

1. e4 c5 2. Nf3 e6 3. d4 cxd4 4. Nxd4 a6 5. Nc3 b5 6. a3 Bb7 7. Bd3 g6 8. O-O Bg7 9. Be3 Ne7 10. Nb3 O-O 11. Qd2 d5 12. exd5 Nxd5 13. Bh6 Nd7 14.
Bxg7 Kxg7 15. Na5 Qxa5 16. b4 Qb6 17. Ne4 N5f6 18. Ng3 Rac8 19. Qg5 Qc6 20. f3 h6 21. Qf4 e5 22. Qh4 Qb6+ 23. Kh1 Qd4 24. Qh3 Rfd8 25.
Rad1 Qb6 26. Bf5 Bc6 27. Rd6 Qc7 28. Rfd1 Nf8 29. Bxc8 Rxd6 30. Nf5+ gxf5 31. Qg3+ Ng6 32. Rxd6 Qxd6 33. h4 f4 0-1

[Event "*** Titled Tuesday Blitz"]
[Site "Chess.com"]
[Date "2020.12.01"]
[Round "3"]
[White "ApacheSVD"]
[Black "IMTominho"]
[Result "0-1"]
[WhiteElo "2434"]
[BlackElo "2750"]
[TimeControl "180+1"]
[EndTime "10:25:50 PST"]
[Termination "IMTominho won by resignation"]

1. e4 e5 2. Nf3 Nf6 3. Nc3 Bb4 4. Nxe5 O-O 5. Be2 Re8 6. Nf3 Nxe4 7. Nxe4 Rxe4 8. c3 Bf8 9. O-O d5 10. d4 Bg4 11.
Be3 c6 12. Ne5 Bxe2 13. Qxe2 f6 14. Nd3 Nd7 15. Qf3 Qb6 16. Rfe1 Rae8 17. Bd2 Bd6 18. g3 Nf8 19. Kg2 Qb5 20. b3 Qa6 21. Re3 Rxe3 0-1

[Event "*** Titled Tuesday Blitz"]
[Site "Chess.com"]
[Date "2020.12.01"]
[Round "3"]
[White "NewBornNow"]
[Black "Alindsay211"]
[Result "1-0"]
[WhiteElo "2700"]
[BlackElo "2419"]
[TimeControl "180+1"]
[EndTime "10:25:53 PST"]
[Termination "NewBornNow won on time"]

1. e4 c5 2. Nf3 d6 3. d4 cxd4 4. Nxd4 Nf6 5. Nc3 Nc6 6. Bg5 e6 7. Qd2 Be7 8. O-O-O a6 9. f4 h6 10. Bxf6 gxf6 11. Kb1 Bd7 12. Bc4 b5 13. Bb3 Na5 14.
f5 Nxb3 15. cxb3 Rc8 16. fxe6 fxe6 17. Qd3 Qc7 18. Qh3 b4 19. Nce2 e5 20. Qh5+ Kf8 21. Nf5 Qc2+ 22. Ka1 Qxe4 23. Neg3 Qf4 24. Nxd6 Bxd6 25.
Rhf1 1-0